 Dungeon Crawl Stone Soup version 0.24.0-37-gcf1ca852f1 (webtiles) character file.

Game seed: 5814954877998798465, levelgen mode: deterministic

32928 Heliosone the Archer (level 13, -10/74 HPs)
             Began as a Spriggan Abyssal Knight on Nov 23, 2019.
             Was a High Priest of Lugonu.
             Mangled by a +8 long sword (18 damage)
             ... on level 14 of the Dungeon.
             The game lasted 00:57:56 (23003 turns).

Heliosone the Archer (Spriggan Abyssal Knight)     Turns: 23003, Time: 00:57:58

Health: -10/74     AC:  7    Str: 13    XL:     13   Next: 34%
Magic:  17/19      EV: 27    Int: 12    God:    Lugonu [*****.]
Gold:   821        SH:  0    Dex: 21    Spells: 17/19 levels left

rFire    . . .     SeeInvis +   b - +6 shortbow of Zeules {velocity, rElec Int-5 Dex+5}
rCold    + . .     Gourm    .   (shield currently unavailable)
rNeg     . . .     Faith    .   L - +1 robe
rPois    .         Spirit   .   M - +2 hat
rElec    +         Reflect  .   W - +1 cloak {rC+}
rCorr    .         Harm     .   (gloves unavailable)
MR       ++...                  (boots unavailable)
Stlth    ++++++....             (no amulet)
HPRegen  0.22/turn              E - ring of stealth
MPRegen  0.16/turn              u - +4 ring of strength

@: about to teleport, very quick
A: very small, unfitting armour, see invisible, herbivore, speed 3, slow
metabolism 2
a: Depart the Abyss, Bend Space, Banish, Corrupt, Enter the Abyss, Renounce
Religion


You were on level 14 of the Dungeon.
You worshipped Lugonu.
Lugonu was extremely pleased with you.
You were not hungry.

You visited 1 branch of the dungeon, and saw 14 of its levels.
You visited the Abyss 1 time.
You also visited: Sewer and Ice Cave.

You collected 1061 gold pieces.
You spent 240 gold pieces at shops.

Inventory:

Hand Weapons
 a - the +8 demon trident "Rift" {distort, reach+}
   (You found it in an ice cave)

   It warps and distorts space around it.
   Unwielding it can cause banishment or high damage.
 b - the +6 shortbow of Zeules (weapon) {velocity, rElec Int-5 Dex+5}
   (You bought it in a shop on level 7 of the Dungeon)

   Any arrow fired from it inflicts extra damage.
   It affects your intelligence (-5).
   It affects your dexterity (+5).
   It insulates you from electricity.
 q - a +1 short sword
 D - a cursed -2 dagger
 H - a +0 shortbow
 V - a +0 short sword of venom
Missiles
 e - 25 poisoned darts
 j - 4 curare-tipped darts
 v - 2 atropa-tipped darts
 B - 6 boomerangs
 I - 97 arrows (quivered)
 R - 2 throwing nets
Armour
 L - a +1 robe (worn)
 M - a +2 hat (worn)
 O - a +1 cloak
 W - a +1 cloak of cold resistance (worn)
Jewellery
 h - a +3 ring of dexterity
 u - a +4 ring of strength (right hand)
 E - a ring of stealth (left hand)
 U - a +2 ring of strength
Wands
 i - a wand of acid (10)
 A - a wand of flame (10)
 G - a wand of polymorph (7)
Scrolls
 g - 2 scrolls of immolation {unknown}
 k - a scroll of amnesia {unknown}
 l - 12 scrolls of remove curse
 m - 3 scrolls of identify
 o - 3 scrolls of enchant armour
 t - 2 scrolls of blinking {unknown}
 w - 2 scrolls of magic mapping
 y - 3 scrolls of enchant weapon
 z - 7 scrolls of teleportation
 F - 2 scrolls of noise {unknown}
 J - 3 scrolls of random uselessness
 S - a scroll of fear {unknown}
Potions
 d - 5 potions of curing
 f - a potion of resistance {unknown}
 n - 2 potions of brilliance {unknown}
 p - 3 potions of invisibility
 r - 5 potions of heal wounds
 s - 2 potions of berserk rage
 x - 6 potions of mutation
 C - a potion of agility
 K - a potion of haste {unknown}
 N - 7 potions of flight
 P - a potion of degeneration {unknown}
 Q - 5 potions of might
 T - a potion of lignification {unknown}
Comestibles
 c - 8 rations


   Skills:
 - Level 11.1 Fighting
 - Level 7.5 Short Blades
 - Level 14.0 Bows
 - Level 10.0 Dodging
 - Level 10.0 Stealth
 + Level 3.5 Spellcasting
 - Level 7.1 Charms
 + Level 4.2 Translocations
 - Level 7.3 Invocations


You had 17 spell levels left.
You knew the following spells:

 Your Spells              Type           Power        Failure   Level  Hunger
a - Shroud of Golubria    Chrm/Tloc      ###...       3%          2    ##.....

Your spell library contained the following spells:

 Spells                   Type           Power        Failure   Level  Hunger
 Infusion                 Chrm           ###.         1%          1    #......
 Swiftness                Chrm/Air       ##......     9%          2    ##.....
 Ozocubu's Armour         Chrm/Ice       ##......     16%         3    ###....
 Iskenderun's Battlesphe  Conj/Chrm      ##......     83%         5    ######.
 Ring of Flames           Chrm/Fire      ##........   100%        7    #######


Dungeon Overview and Level Annotations

Branches:
Dungeon (14/15)            Temple (0/1) D:4            Lair (0/6) D:11
    Orc (0/2) D:12          Sewer (visited)           IceCv (visited)
 Vaults: D:13-14

Altars:
Cheibriados
Gozag
Hepliaklqana
Nemelex Xobeh
Okawaru
Sif Muna
Uskayaw
Zin

Shops:
D:7 *   D:11 ?

Portals:
Trove: D:13 (give +4 fire dragon scales)

Annotations:
D:3 exclusion: orc priest
D:11 1 transporter, Winsalot's ghost, novice GnFi
D:12 exclusion: orange crystal statue


Innate Abilities, Weirdness & Mutations

You are very small and have problems with some larger weapons.
You are too small for most types of armour.
You have supernaturally acute eyesight. (SInv)
You are a herbivore.
You cover ground extremely quickly.
You need to consume almost no food.


Message History

A green ugly thing comes into view.
You are too injured to fight recklessly!
You are too injured to fight recklessly!
Firing (i - inventory. (/) - cycle)
I - 98 arrows (quivered)
Press: ? - help, Shift-Dir - straight line, f/p - +8 long sword
Aim: a +8 long sword (moderately damaged)
You shoot an arrow.
The arrow barely misses the +8 long sword.
Space bends sharply around you!
The +8 long sword blinks!
You blink. 2 ugly things come into view.
The green ugly thing completely misses you.
Space bends around you!
You blink.
The +8 long sword hits you!
* * * LOW HITPOINT WARNING * * *
As you read the scroll of teleportation, it crumbles to dust.
You feel strangely unstable.
The +8 long sword completely misses you.
The +3 long sword hits you!
* * * LOW HITPOINT WARNING * * *
The +8 long sword hits you!!
You die...

#####
#...#
u.. ...
#.# #u#
#u# #(#
#@# #(#
#####.#
#.((..#
#.#####
#.# #.#
#(# #<#


You could see 3 ugly things and 2 dancing weapons.

Vanquished Creatures
  A hydra (D:12)
  4 two-headed ogres
  A tengu warrior (D:13)
  Urug (D:10)
  4 unseen horrors
  Pikel (D:4)
  3 ugly things
  A cyclops (D:13)
  3 manticores
  3 centaur zombies
  A gargoyle (D:12)
  An ice statue (IceCv)
  8 centaur skeletons
  2 komodo dragons
  2 kobold demonologists
  A tengu conjurer (D:13)
  3 trolls
  A meliai (D:8)
  8 polar bears (IceCv)
  A hornet (D:11)
  8 slime creatures
  Grinder (D:5)
  4 hippogriffs
  3 shadows
  3 meliai zombies
  2 wyverns
  18 yaks
  A hungry ghost (D:13)
  A basilisk (D:8)
  A steam dragon (D:8)
  Menkaure (D:6)
  A soldier ant (D:8)
  Purgy (Sewer)
  12 ice beasts
  8 orc warriors
  2 sky beasts (D:9)
  A slave (D:5)
  An eye of draining (D:8)
  A necrophage (D:11)
  8 ogres
  5 phantoms
  7 centaurs
  10 wolves (IceCv)
  A crocodile (D:7)
  2 big kobolds
  5 bullfrogs
  A wyvern zombie (D:10)
  4 scorpions
  4 killer bees
  A howler monkey (D:4)
  8 wights
  2 crimson imps
  3 bullfrog zombies
  A quasit (D:5)
  4 jellies
  11 orc wizards
  9 orc priests
  4 bullfrog skeletons
  7 hounds
  Terence (D:2)
  7 iguanas
  14 worker ants
  A hound skeleton (D:4)
  A howler monkey zombie (D:8)
  2 worker ant zombies
  6 gnolls (D:6)
  9 adders
  4 shadow imps
  3 oozes
  2 adder zombies
  An adder skeleton (D:9)
  A worm (D:2)
  2 dart slugs
  4 leopard geckos
  60 orcs
  8 giant cockroaches
  2 hobgoblins
  11 jackals
  9 quokkas
  2 ball pythons
  8 bats
  8 frilled lizards
  5 goblins
  A jackal skeleton (D:5)
  24 kobolds
  2 leopard gecko skeletons (D:4)
  9 rats
  A withered plant (D:10)
425 creatures vanquished.

Vanquished Creatures (others)
  An ice statue (IceCv)
  5 polar bears (IceCv)
  5 yaks (IceCv)
  A plant (D:11)
12 creatures vanquished.

Grand Total: 437 creatures vanquished

Notes
Turn   | Place    | Note
-------+----------+-------------------------------------------
     0 | Abyss:1  | Heliosone the Spriggan Abyssal Knight began the quest for
                  | the Orb.
     0 | Abyss:1  | Reached XP level 1. HP: 11/11 MP: 3/3
     0 | D:1      | Escaped the Abyss
    32 | D:1      | Reached skill level 1 in Stealth
   339 | D:1      | Reached * piety under Lugonu
   352 | D:1      | Reached XP level 2. HP: 16/16 MP: 4/4
  1369 | D:2      | Reached XP level 3. HP: 19/19 MP: 5/5
  1598 | D:2      | Found a sparkling altar of Nemelex Xobeh.
  1741 | D:2      | Reached skill level 5 in Stealth
  2001 | D:2      | Found a hazy altar of Hepliaklqana.
  2369 | D:3      | Reached XP level 4. HP: 23/23 MP: 6/6
  2941 | D:2      | Reached ** piety under Lugonu
  3154 | D:3      | Noticed Terence
  3183 | D:2      | Killed Terence
  3724 | D:3      | Reached XP level 5. HP: 10/27 MP: 7/7
  4412 | D:4      | Noticed an ogre
  4450 | D:3      | Killed an ogre
  4450 | D:3      | Reached XP level 6. HP: 32/32 MP: 8/8
  4790 | D:4      | Reached skill level 5 in Dodging
  5417 | D:4      | Reached *** piety under Lugonu
  5624 | D:4      | Reached XP level 7. HP: 16/36 MP: 9/9
  6204 | D:4      | Found a staircase to the Ecumenical Temple.
  6672 | D:5      | Entered Level 5 of the Dungeon
  7226 | D:5      | Noticed a wyvern
  7241 | D:5      | Killed a wyvern
  7495 | D:5      | Reached skill level 5 in Short Blades
  7819 | D:5      | Noticed Pikel
  8253 | D:5      | Reached XP level 8. HP: 42/42 MP: 10/10
  8407 | D:4      | HP: 2/42 [poisoned by a worker ant]
  8758 | D:4      | Killed Pikel
  8758 | D:4      | Reached skill level 5 in Fighting
  9080 | D:5      | Noticed Grinder
  9082 | D:5      | Killed Grinder
  9727 | D:6      | Reached XP level 9. HP: 24/48 MP: 11/11
  9922 | D:6      | Found a glowing drain.
  9932 | Sewer    | Entered a sewer
 10047 | Sewer    | Noticed Purgy
 10049 | Sewer    | Killed Purgy
 10589 | D:7      | Noticed Menkaure
 10897 | D:6      | Killed Menkaure
 10897 | D:6      | Reached **** piety under Lugonu
 11300 | D:7      | Reached skill level 10 in Dodging
 11321 | D:7      | Found Firhoq's Assorted Antiques.
 11515 | D:7      | Bought a scorched shortbow for 192 gold pieces
 11515 | D:7      | Identified the +6 shortbow of Zeules {velocity, rElec Int-5
                  | Dex+5} (You bought it in a shop on level 7 of the Dungeon)
 11620 | D:7      | Reached skill level 1 in Bows
 11691 | D:7      | Reached skill level 2 in Bows
 11703 | D:7      | Reached skill level 3 in Bows
 12012 | D:7      | Reached skill level 4 in Bows
 12191 | D:8      | Noticed a troll
 12238 | D:7      | Killed a troll
 12238 | D:7      | Reached skill level 5 in Bows
 12297 | D:8      | Reached skill level 6 in Bows
 12534 | D:8      | Reached skill level 7 in Bows
 12592 | D:8      | Noticed a meliai
 12598 | D:8      | Reached XP level 10. HP: 53/53 MP: 12/12
 12793 | D:8      | Reached skill level 8 in Bows
 12890 | D:8      | Noticed a two-headed ogre
 12895 | D:8      | Killed a two-headed ogre
 12895 | D:8      | Reached skill level 9 in Bows
 12917 | D:8      | Reached skill level 10 in Bows
 12967 | D:8      | Found an opulent altar of Gozag.
 13262 | D:8      | Reached skill level 11 in Bows
 13355 | D:8      | Found a shimmering blue altar of Sif Muna.
 13355 | D:8      | Found an iron altar of Okawaru.
 14168 | D:9      | Found a snail-covered altar of Cheibriados.
 14169 | D:9      | Found a glowing silver altar of Zin.
 14170 | D:9      | Found a hide-covered altar of Uskayaw.
 14255 | D:9      | Reached ***** piety under Lugonu
 14430 | D:10     | Entered Level 10 of the Dungeon
 14552 | D:10     | Reached XP level 11. HP: 58/58 MP: 14/14
 15151 | D:9      | Reached skill level 12 in Bows
 15805 | D:10     | Reached skill level 5 in Invocations
 16109 | D:11     | Noticed Urug
 16172 | D:10     | Killed Urug
 16267 | D:11     | Noticed a red ugly thing
 16275 | D:11     | Killed a red ugly thing
 16416 | D:11     | Found a transporter.
 16420 | D:11     | Noticed Winsalot's ghost (novice GnFi)
 16600 | D:11     | Noticed a red ugly thing
 16614 | D:11     | Killed a red ugly thing
 16637 | D:11     | Reached skill level 13 in Bows
 16771 | D:11     | Found Ubukh's Magic Scroll Boutique.
 16782 | D:11     | Bought a scroll of identify for 24 gold pieces
 16782 | D:11     | Bought a scroll of identify for 24 gold pieces
 16929 | D:11     | Found a staircase to the Lair.
 17728 | D:12     | Noticed an eight-headed hydra
 17788 | D:12     | Reached XP level 12. HP: 62/65 MP: 16/18
 18425 | D:12     | Killed an eight-headed hydra
 18950 | D:12     | Noticed a two-headed ogre
 18959 | D:12     | Killed a two-headed ogre
 18959 | D:12     | Reached skill level 14 in Bows
 19573 | D:12     | Found a staircase to the Orcish Mines.
 19575 | D:12     | Identified the Catalogue of Boosts
 19698 | D:13     | Noticed a tengu warrior
 19716 | D:13     | Killed a tengu warrior
 19751 | D:13     | Reached skill level 10 in Stealth
 19860 | D:13     | Found a portal to a secret trove of treasure.
 19940 | D:13     | Reached skill level 10 in Fighting
 20401 | D:13     | Found a frozen archway.
 20480 | D:13     | Learned a level 2 spell: Shroud of Golubria
 20503 | IceCv    | Entered an ice cave
 20509 | IceCv    | Reached ****** piety under Lugonu
 20769 | IceCv    | Corrupted IceCv
 20769 | IceCv    | Noticed a starcursed mass
 20769 | IceCv    | Noticed a starcursed mass
 20773 | IceCv    | Noticed a reaper
 20792 | IceCv    | Noticed a tentacled starspawn
 20849 | IceCv    | Reached skill level 1 in Charms
 20863 | IceCv    | Reached XP level 13. HP: 54/74 MP: 19/19
 21576 | IceCv    | Noticed a frost giant
 21599 | IceCv    | Reached skill level 5 in Charms
 21710 | IceCv    | Banished a frost giant
 22365 | IceCv    | Found the +8 demon trident "Rift" {distort, reach+}
 22756 | D:13     | Reached skill level 1 in Spellcasting
 22756 | D:13     | Reached skill level 1 in Translocations
 23003 | D:14     | Mangled by a +8 long sword

Levels and vault maps discovered:
D:1:      minmay_arrival_four_loops, layout_loops_ring
D:2:      layout_basic, nemelex_altar_shiori, nicolae_overflow_crystal_walls
D:3:      layout_basic, uniq_terence
D:4:      minmay_general_purpose_star, layout_basic, first_ration,
          minmay_box_of_dots
D:5:      layout_gridville, serial_glass, glass_columns_c, glass_columns_b,
          glass_columns_b, glass_columns_b, glass_columns_a, glass_columns_a,
          glass_columns_a, glass_columns_a, glass_columns_a, glass_columns_a,
          item_on_display_a, due_unseen_surprise, feat_on_display,
          feat_on_display, uniq_pikel, uniq_grinder
D:6:      layout_gridville, portal_sewer_entry_d, hex_medium
D:7:      layout_basic, serial_shops, nicolae_shop_competitors_out_of_business,
          hex_intersection, grunt_ogre_cave, uniq_menkaure
D:8:      minmay_diamond_stairs, layout_rooms,
          gammafunk_temple_overflow_elements, grunt_gozag_breadcrumbs
D:9:      layout_irregular_city, minitemple, fountainhead
D:10:     cheibrodos_grave_circle, layout_basic, grunt_ministairs_2
D:11:     layout_rooms, david_lair_shrubbed, gammafunk_ghost_stat_death,
          serial_shops, nicolae_shop_stone, chequers_serial_rivers_small_a,
          uniq_urug
D:12:     layout_cave_pools, david_orc_4, minmay_protected_statue
D:13:     layout_roguey, nicolae_trove_entry_crossroad,
          portal_ice_cave_entry_ice_beasts, gauntlet_entry_generic
D:14:     layout_loops_cross, erik_vaults_1, chequers_serial_rivers_small_a,
          enter_bailey_7

Skill      XL: |  1  2  3  4  5  6  7  8  9 10 11 12 13 |
---------------+----------------------------------------+-----
Stealth        | 2 4 6 7 8 10 | 10.0
Dodging        | 4 5 7 9 10 | 10.0
Short Blades   | 3 5 6 7 |  7.5
Fighting       | 3 4 5 6 7 8 11 | 11.1
Bows           | 7 11 13 14 | 14.0
Invocations    | 3 6 7 |  7.3
Charms         | 2 7 |  7.1
Spellcasting   | 3 |  3.5
Translocations | 4 |  4.2

Action                   |  1- 3 |  4- 6 |  7- 9 | 10-12 | 13-15 || total
-------------------------+-------+-------+-------+-------+-------++-------
Melee: Short sword       |   125 |   155 |   364 |   132 |       ||   776
 Fire: Shortbow          |       |       |    75 |  1004 |   175 ||  1254
Throw: Dart              |     2 |    28 |    21 |       |       ||    51
Invok: Depart the Abyss  |     1 |       |       |       |       ||     1
       Bend Space        |       |       |     2 |     1 |     3 ||     6
       Corrupt           |       |       |       |     1 |       ||     1
       Banish            |       |       |       |       |     1 ||     1
Evoke: Wand              |       |       |     7 |     6 |       ||    13
  Use: Scroll            |       |       |     6 |     7 |     2 ||    15
 Stab: Sleeping          |    14 |     9 |    16 |     7 |       ||    46
       Distracted        |       |       |     1 |       |       ||     1
  Eat: Ration            |       |     1 |     3 |     4 |     2 ||    10
Armor: Robe              |     9 |     4 |    23 |    27 |     5 ||    68
Dodge: Dodged            |    88 |   105 |   316 |   293 |    50 ||   852
